 Dungeon Crawl Stone Soup version 0.28-a0-932-g843f935a50 (webtiles) character file.

Game seed: 6413401208755875734

670 croobank the Cudgeller (level 7, -4/48 HPs)
             Began as an Octopode Wanderer on Nov 28, 2021.
             Slain by a gnoll (14 damage)
             ... on level 5 of the Dungeon.
             The game lasted 00:26:43 (4174 turns).

croobank the Cudgeller (Octopode Wanderer)          Turns: 4174, Time: 00:26:43

Health: -4/48      AC:  1    Str: 14    XL:     7   Next: 58%
Magic:  7/7        EV: 12    Int: 14    God:
Gold:   218        SH:  0    Dex: 11    Spells: 6/6 levels left

rFire   . . .      SeeInvis .   a - +5 war axe
rCold   . . .      Faith    .   (no shield)
rNeg    . . .      Spirit   .   (helmet restricted)
rPois   .          Reflect  .   e - amulet of regeneration
rElec   .          Harm     .   j - ring of flight
rCorr   .          Rampage  .   (no ring)
Will    .....                   (no ring)
Stlth   +++.......              (no ring)
HPRegen 0.96/turn               (no ring)
MPRegen 0.10/turn               (no ring)
                                (no ring)
                                (no ring)

@: flying
A: almost no armour, amphibious, 8 rings, camouflage 1, gelatinous body 1,
(nimble swimmer 1), tentacles
a: no special abilities


You were on level 5 of the Dungeon.
You visited 1 branch of the dungeon, and saw 5 of its levels.

You collected 218 gold pieces.

Inventory:

Hand Weapons
 a - a +5 war axe (weapon)
 b - a +0 hunting sling
 c - a +3 mace
 f - a +0 vampiric dagger
 h - a +0 spear
 n - a +0 battleaxe
 y - a +3 hand axe
 A - a +2 short sword of venom
 B - a +0 shortbow
Missiles
 d - 25 sling bullets
 g - 214 stones (quivered)
 i - 42 bolts
 r - 19 poisoned darts
 t - 35 arrows
 u - 4 boomerangs
Jewellery
 e - an amulet of regeneration (around mantle)
 j - a ring of flight (left tentacle)
 m - an amulet of guardian spirit
Scrolls
 p - a scroll of fog {unknown}
 s - 6 scrolls of teleportation {unknown}
Potions
 k - 2 potions of magic
 l - 2 potions of heal wounds
 o - 2 potions of curing
 q - 2 potions of lignification
 v - a potion of ambrosia
 w - a potion of attraction
 x - a potion of flight {unknown}
 z - a potion of berserk rage {unknown}


   Skills:
 - Level 4.0 Fighting
 - Level 2.3(4.5) Axes
 - Level 6.0(6.2) Maces & Flails
 + Level 5.2 Slings
 - Level 1.0 Dodging
 - Level 1.3 Stealth
 - Level 1.0 Shields


You had 6 spell levels left.
You didn't know any spells.
Your spell library was empty.

Dungeon Overview and Level Annotations

Branches:
Dungeon (5/15)
 Temple: D:4-7

Altars:

Annotations:
D:5 3 runed translucent doors, Atlas's ghost, novice DjEE


Innate Abilities, Weirdness & Mutations

You cannot wear most types of armour.
You are amphibious.
You can wear up to eight rings at the same time.
Your skin changes colour to match your surroundings (Stealth+).
Your rubbery body absorbs attacks. (AC +1, EV +1)
((You are camouflaged near water. (Stealth+)))
You have tentacles for arms and can constrict up to eight enemies at once.


Message History

You destroy the centaur zombie!
Your Slings skill increases to level 5!
Things that are here:
a +0 shortbow; a centaur corpse
B - a +0 shortbow Atlas's ghost says, "I am smarter than you!"
Found a stone staircase leading down.
A gnoll shaman comes into view.
It is wielding a +0 whip. 2 gnolls come into view.
Found 16 stones.
The gnoll shaman shouts!
The gnoll shouts! x2
You hit the gnoll shaman. Your grab misses the gnoll shaman.
You squeeze the gnoll shaman.
The gnoll shaman is moderately wounded.
The gnoll shaman misses you.
A gnoll comes into view. It is wielding a +0 whip.
You slash the gnoll shaman!
You kill the gnoll shaman!
Found 18 gold pieces.
The gnoll closely misses you. The gnoll hits you with a +0 halberd.
You closely miss the gnoll. Your grab misses the gnoll.
Your squeeze misses the gnoll.
The gnoll hits you from afar with a +0 halberd.
The gnoll hits you with a +0 halberd!
You hit the gnoll. You grab the gnoll.
The gnoll is moderately wounded.
You constrict the gnoll. The gnoll barely misses you.
The gnoll hits you with a +0 halberd! The gnoll barely misses you.
The gnoll hits you with a +0 halberd!
* * * LOW HITPOINT WARNING * * *
You hit the gnoll.
The gnoll is severely wounded.
You constrict the gnoll.
You kill the gnoll!
The gnoll misses you.
You slash the gnoll!
You kill the gnoll!
The gnoll closely misses you. The gnoll hits you with a +0 halberd!
You die...

#.#.#.# #.# #...
######.#.#.###.###...
#..............†......
#.#########.##........
#.......##.[......
#.########........ #
#..............#..
#.####.............#..
#>...@g.###+++###.....
#.####..#5W.....#..###
# #...#.......#..#
#..)#Z#...#.#..#
#...#..#.#..#..
#...#.#...#.#..
#...#..$(..
#...#......
....#######


You could see a gnoll and a bullfrog skeleton.

Vanquished Creatures
  An ogre (D:4)
  A centaur (D:5)
  A scorpion (D:4)
  A centaur zombie (D:5)
  An orc priest (D:3)
  Jessica (D:2)
  A gnoll shaman (D:5)
  3 iguanas
  2 orc wizards (D:2)
  3 gnolls
  8 adders
  4 dart slugs
  12 orcs
  7 ball pythons
  9 endoplasms
  5 giant cockroaches
  5 goblins
  7 hobgoblins
  3 jackals (D:4)
  9 kobolds
  4 quokkas
  5 bats
  A frilled lizard (D:1)
  6 rats
100 creatures vanquished.

Notes
Turn   | Place    | Note
-------+----------+-------------------------------------------
     0 | D:1      | croobank the Octopode Wanderer began the quest for the Orb.
     0 | D:1      | croobank set off with the following items: a +2 mace, a +0
                  | short sword, a potion of lignification
     0 | D:1      | Reached XP level 1. HP: 17/17 MP: 1/1
   139 | D:1      | Reached XP level 2. HP: 22/22 MP: 2/2
   623 | D:1      | Reached skill level 4 in Maces & Flails
   628 | D:1      | Reached XP level 3. HP: 24/27 MP: 3/3
  1156 | D:2      | Noticed Jessica
  1164 | D:2      | Killed Jessica
  1165 | D:2      | Reached skill level 5 in Maces & Flails
  1165 | D:2      | Reached XP level 4. HP: 24/33 MP: 4/4
  1526 | D:2      | Reached XP level 5. HP: 31/37 MP: 5/5
  1689 | D:3      | Reached skill level 6 in Maces & Flails
  1689 | D:3      | Reached skill level 1 in Slings
  2184 | D:3      | Noticed a shining eye
  2219 | D:3      | Noticed a floating eye
  2221 | D:3      | Found a faded altar of an unknown god.
  2388 | D:3      | Reached skill level 1 in Axes
  2857 | D:3      | Noticed a golden eye
  2862 | D:3      | Noticed a floating eye
  2971 | D:4      | Reached XP level 6. HP: 40/43 MP: 6/6
  3574 | D:4      | Reached XP level 7. HP: 42/48 MP: 7/7
  3906 | D:5      | Entered Level 5 of the Dungeon
  4086 | D:5      | Found a runed translucent gate.
  4086 | D:5      | Found a runed translucent gate.
  4087 | D:5      | Found a runed translucent gate.
  4130 | D:5      | Reached skill level 5 in Slings
  4144 | D:5      | Noticed Atlas's ghost (novice DjEE)
  4174 | D:5      | Slain by a gnoll

Illustrated notes

Levels and vault maps discovered:
D:1:      kennysheep_arrival_seaside, layout_loops_ring, nicolae_grassy_gnolls
D:2:      layout_loops_ring, roderic_roman_lattice, uniq_jessica
D:3:      layout_rooms, hellmonk_ecumenical_altar_watching_god
D:4:      layout_loops_ring, minmay_snake_closets
D:5:      layout_basic, gammafunk_ghost_split

Skill      XL: |  1  2  3  4  5  6  7 |
---------------+----------------------+-----
Maces & Flails | 4 5 6 |  6.0
Slings         | 1 3 5 |  5.2
Axes           | 2 |  2.3
Fighting       | |  4.0
Dodging        | |  1.0
Stealth        | |  1.3
Shields        | |  1.0

Action                   |  1- 3 |  4- 6 |  7- 9 || total
-------------------------+-------+-------+-------++-------
Melee: Mace              |    66 |    32 |       ||    98
       Constrict         |    12 |    19 |     6 ||    37
       Tentacles         |     5 |    11 |     6 ||    22
       War axe           |       |    53 |    33 ||    86
 Fire: Hunting sling     |       |    13 |       ||    13
Throw: Stone             |     3 |     3 |       ||     6
  Use: Scroll            |     1 |     8 |       ||     9
       Potion            |       |     3 |       ||     3
 Stab: Sleeping          |    10 |     8 |     2 ||    20
Armor: Skin              |     6 |     5 |     2 ||    13
Dodge: Dodged            |    36 |    59 |    26 ||   121

Table legend: (Time is in decaauts)
 A = Elapsed time spent in this place.
 B = Non-inter-level travel time spent in this place.
 C = Inter-level travel time spent in this place.
 D = Time resting spent in this place.
 E = Time spent auto-exploring this place.
 F = Levels seen in this place.
 G = Mean time per level.
                   A        B        C        D        E       F      G
               +--------+--------+--------+--------+--------+-----+--------+
         Total |   4219 |   4123 |     96 |    870 |   1909 |   5 |  843.8 |
       Dungeon |   4219 |   4123 |     96 |    870 |   1909 |   5 |  843.8 |
               +--------+--------+--------+--------+--------+-----+--------+

Top non-repeatable levels by time:
     D:3: 1331 daAuts
     D:4: 931 daAuts
     D:2: 877 daAuts
     D:1: 803 daAuts
     D:5: 275 daAuts
